 Dungeon Crawl Stone Soup version 0.23.2-1-ga50397a6bc (webtiles) character file.

Game seed: 4499611909066261716

184 Mrkan the Shield-Bearer (level 5, 0/45 HPs)
             Began as a Minotaur Fighter on May 24, 2019.
             Was a Follower of Yredelemnul.
             Slain by a worker ant (3 damage)
             ... on level 4 of the Dungeon.
             The game lasted 00:04:13 (2147 turns).

Mrkan the Shield-Bearer (Minotaur Fighter)          Turns: 2147, Time: 00:04:14

Health: 0/45       AC:  6    Str: 21    XL:     5   Next: 36%
Magic:  3/4        EV:  7    Int:  5    God:    Yredelemnul [*.....]
Gold:   174        SH: 10    Dex: 10    Spells: 4/4 levels left

rFire    . . .     SeeInvis .   a - +0 flail
rCold    . . .     Gourm    .   c - +0 shield
rNeg     . . .     Faith    .   b - +0 scale mail
rPois    .         Spirit   .   (helmet restricted)
rElec    .         Reflect  .   (no cloak)
rCorr    .         Harm     .   (no gloves)
MR       .....                  (no boots)
Stlth    ..........             (no amulet)
HPRegen  0.15/turn              (no ring)
MPRegen  0.09/turn              (no ring)

@: no status effects
A: retaliatory headbutt, horns 2
a: Animate Remains, Renounce Religion


You were on level 4 of the Dungeon.
You worshipped Yredelemnul.
Yredelemnul was aware of your devotion.
You were hungry.

You visited 1 branch of the dungeon, and saw 4 of its levels.

You collected 174 gold pieces.

Inventory:

Hand Weapons
 a - a +0 flail (weapon)
Armour
 b - a +0 scale mail (worn)
 c - a +0 shield (worn)
 y - a scarf of cloud immunity
Jewellery
 q - a cursed ring of teleportation {unknown}
 t - a +3 ring of dexterity {unknown}
 w - a +4 ring of evasion {unknown}
Scrolls
 e - a scroll of teleportation {unknown}
 i - 4 scrolls of blinking {unknown}
 l - a scroll of fear {unknown}
 m - a scroll of enchant weapon {unknown}
 o - a scroll of enchant armour {unknown}
 r - 4 scrolls of identify {unknown}
 x - a scroll of remove curse {unknown}
 z - a scroll of noise {unknown}
 A - 3 scrolls of immolation {unknown}
Potions
 d - 2 potions of might
 g - 2 potions of degeneration {unknown}
 h - 4 potions of curing {unknown}
 j - 2 potions of lignification {unknown}
 k - a potion of mutation {unknown}
 n - 2 potions of haste {unknown}
 s - a potion of magic {unknown}
 u - 2 potions of agility {unknown}
 v - 2 potions of heal wounds {unknown}
Comestibles
 f - 4 rations
 p - a chunk of flesh


   Skills:
 - Level 3.6 Fighting
 + Level 5.1 Maces & Flails
 - Level 3.6 Armour
 + Level 5.8 Shields


You had 4 spell levels left.
You didn't know any spells.
Your spell library was empty.

Dungeon Overview and Level Annotations

Branches:
Dungeon (4/15)
 Temple: D:4-7

Altars:
Okawaru
Yredelemnul


Innate Abilities, Weirdness & Mutations

You reflexively headbutt those who attack you in melee.
You have a pair of horns on your head.


Message History

The worker ant bites your adder zombie.
Your adder zombie barely misses the worker ant.
The worker ant barely misses your adder zombie.
Your adder zombie bites the worker ant but does no damage.
The worker ant barely misses your adder zombie.
Your adder zombie barely misses the worker ant.
The worker ant bites your adder zombie.
Your adder zombie bites the worker ant.
The worker ant closely misses your adder zombie.
Okay, then.
Your adder zombie completely misses the worker ant.
The worker ant barely misses your adder zombie.
Your adder zombie closely misses the worker ant.
The worker ant bites your adder zombie.
Your adder zombie bites the worker ant but does no damage.
The worker ant barely misses your adder zombie.
The worker ant bites your adder zombie!
Your adder zombie is destroyed!
The worker ant bites you.
You die...
Your body rises from the dead as a mindless zombie.

...... ## ##.
..... ..... ...
..... #..... ....
...##...... #....
#..#.......
#....##..........
........#.......
#....#...<...
.###..@a.......
....$....†.......
........†..[....#
......)..........
......[.......##.
.................
.................
.................
...............


You could see a worker ant.

Vanquished Creatures
  A howler monkey (D:4)
  3 adders
  3 worms
  5 dart slugs
  3 leopard geckos
  2 orcs (D:3)
  6 giant cockroaches
  13 goblins
  7 hobgoblins
  10 jackals
  4 quokkas
  4 ball pythons
  9 bats
  3 frilled lizards
  4 kobolds
  8 rats
85 creatures vanquished.

Vanquished Creatures (others)
  An adder zombie (D:4)
1 creature vanquished.

Grand Total: 86 creatures vanquished

Notes
Turn   | Place    | Note
-------+----------+-------------------------------------------
     0 | D:1      | Mrkan the Minotaur Fighter began the quest for the Orb.
     0 | D:1      | Reached XP level 1. HP: 19/19 MP: 0/0
    42 | D:1      | Reached XP level 2. HP: 21/26 MP: 1/1
   206 | D:1      | Reached XP level 3. HP: 27/31 MP: 2/2
   954 | D:2      | Found a basalt altar of Yredelemnul.
   960 | D:2      | Became a worshipper of Yredelemnul the Dark
   987 | D:2      | Found an iron altar of Okawaru.
   995 | D:2      | Reached XP level 4. HP: 39/39 MP: 3/3
   998 | D:2      | Reached skill level 5 in Shields
  1687 | D:3      | Reached * piety under Yredelemnul
  2111 | D:4      | Reached XP level 5. HP: 30/45 MP: 4/4
  2121 | D:4      | Reached skill level 5 in Maces & Flails
  2134 | D:4      | HP: 1/45 [worker ant (6)]
  2147 | D:4      | Slain by a worker ant

Skill      XL: |  1  2  3  4  5 |
---------------+----------------+-----
Shields        | 4 5 |  5.8
Maces & Flails | 3 4 5 |  5.1
Fighting       | |  3.6
Armour         | |  3.6

Action                   |  1- 3 |  4- 6 || total
-------------------------+-------+-------++-------
Melee: Flail             |   102 |    96 ||   198
       Headbutt          |    13 |    19 ||    32
Invok: Animate Remains   |       |     1 ||     1
  Eat: Chunk             |       |     4 ||     4
Armor: Scale mail        |    51 |    45 ||    96
Dodge: Dodged            |    34 |    30 ||    64
Block: Shield            |    61 |    59 ||   120
